Map: Costas tropicales

Players

MrFercho - Winner!

  • Race: Zerg Zerg
  • Spawn Location: 0:00

tigro

  • Race: Terran Terran
  • Spawn Location: 5:00

VOD

Have the link to the VOD?

Description

Time

  • Played on: June 26, 2019, 10:58 p.m.
  • Length: 37:45
Show
View Real Time Build Order
Export as new Build Order

MrFercho Zerg - Winner!

Build Orders: Pool First 

Get SALT Encoding   

  12  0:04  Drone  
  13  0:13  Overlord  
  13  0:19  Drone  
  14  0:32  Drone  
  15  0:36  Drone  
  16  0:59  Drone x2  
  18  1:12  Extractor  
  18  1:17  Extractor  
  16  1:18  Drone  
  16  1:19  Drone  
  18  1:32  Spawning Pool  
  17  1:39  Evolution Chamber  
  16  1:40  Overlord  
  16  1:44  Overlord  
  16  2:12  Drone x3  
  19  2:34  Drone  
  20  2:46  Queen  
  20  2:47  Hatchery  
  20  2:49  Zergling x4  
  23  3:06  Drone  
  23  3:10  Overlord  
  24  3:28  Roach Warren  
  23  3:38  Zergling x4  
  25  3:44  Drone  
  26  4:07  Pneumatized Carapace  
  26  4:14  Drone x2  
  26  4:16  Lair  
  28  4:26  Drone x4  
  28  4:27  Drone  
  33  4:38  Extractor  
  32  4:39  Extractor  
  32  4:44  Overlord x2  
  32  4:45  Overlord  
  31  5:14  Drone x2  
  31  5:17  Queen  
  35  5:36  Drone x2  
  37  5:49  Lair  
  37  5:58  Drone x2  
  37  5:59  Drone  
  36  6:21  Drone x2  
  36  6:22  Drone  
  39  6:39  Baneling Nest  
  38  6:50  Hydralisk Den  
  37  6:58  Infestation Pit  
  36  7:08  Spire  
  35  7:10  Zergling x10  
  40  7:19  Zergling x6  
  43  7:30  Queen  
  43  7:32  Drone  
  46  8:01  Hatchery  
  45  8:06  Hatchery  
  44  8:44  Hatchery  
  44  8:46  Hydralisk  
  44  8:47  Hydralisk x4  
  53  8:58  Glial Reconstitution  
  53  9:00  Zerg Melee Weapons Level 1  
  53  9:01  Hatchery  
  52  9:05  Grooved Spines  
  52  9:07  Pathogen Glands  
  52  9:10  Drone x3  
  55  9:24  Hive  
  55  9:28  Hive  
  55  9:50  Mutalisk x3  
  61  10:03  Drone, Neural Parasite  
  61  10:04  Drone x2  
  64  10:11  Drone x3  
  67  10:16  Muscular Augments, Tunneling Claws  
  67  10:18  Drone x3  
  70  10:28  Drone x3  
  73  10:29  Drone x2  
  75  10:55  Zerg Missile Weapons Level 1  
  75  10:56  Extractor, Drone  
  75  10:57  Drone x3  
  77  10:58  Extractor  
  77  10:59  Overlord  
  77  11:06  Overlord x3  
  77  11:19  Queen  
  79  11:30  Drone x2  
  79  11:31  Drone  
  82  11:35  Drone x3  
  85  11:55  Queen  
  85  11:57  Drone x4  
  85  11:58  Drone x2  
  93  12:24  Burrow  
  93  12:31  Queen  
  95  12:46  Extractor x2  
  95  12:49  Zerg Ground Armor Level 1  
  94  12:51  Drone x3  
  94  12:57  Drone x3  
  99  13:06  Queen, Metabolic Boost  
  101  13:42  Queen  
  103  13:51  Viper  
  106  14:01  Zergling x2  
  106  14:02  Zergling x10  
  112  14:11  Extractor  
  111  14:24  Extractor  
  111  14:25  Adrenal Glands  
  110  14:32  Drone  
  110  14:33  Drone x2  
  113  14:43  Zerg Melee Weapons Level 2  
  113  15:00  Viper x3  
  122  15:19  Ultralisk Cavern  
  121  15:25  Hatchery  
  120  15:28  Hatchery  
  120  15:33  Hatchery  
  118  15:40  Hatchery  
  117  16:46  Overlord x2  
  117  16:48  Ultralisk x2  
  117  16:49  Mutalisk x3  
  117  16:50  Mutalisk x2  
  117  16:51  Mutalisk  
  141  16:58  Zerg Missile Weapons Level 2, Corruptor  
  141  16:59  Corruptor x6  
  155  17:10  Overlord x3  
  143  18:48  Hatchery  
  142  18:49  Extractor  
  142  18:52  Extractor  
  140  19:07  Hatchery  
  139  19:13  Extractor  
  138  19:18  Nydus Network, Extractor  
  136  19:54  Hydralisk x5  
  94  20:52  Zerg Flyer Weapons Level 1  
  94  20:57  Centrifical Hooks  
  94  21:00  Zerg Melee Weapons Level 3  
  94  21:04  Anabolic Synthesis  
  94  21:22  Zergling x2  
  94  21:24  Zergling x6  
  94  21:25  Zergling x10, Hydralisk  
  102  21:26  Hydralisk x5  
  102  21:27  Hydralisk x2  
  102  21:28  Zergling x4  
  102  21:29  Zergling x2, Mutalisk x5  
  132  21:47  Chitinous Plating  
  132  21:51  Drone x4  
  132  21:52  Drone x2  
  132  21:53  Drone  
  139  21:58  Overlord x2  
  139  22:02  Lair  
  139  22:03  Lair  
  139  22:04  Lair  
  139  22:05  Lair  
  130  22:46  Zerg Flyer Armor Level 1  
  104  23:11  Infestor x2  
  108  23:19  Roach  
  114  23:20  Roach x2  
  114  23:24  Ultralisk x3  
  114  23:25  Ultralisk  
  138  23:28  Swarm Host  
  141  23:35  Hydralisk x3  
  141  23:36  Hydralisk x2  
  141  23:37  Zerg Missile Weapons Level 3  
  141  23:41  Zergling x12  
  154  23:42  Zergling x2  
  154  23:48  Infestor x3  
  164  23:57  Zergling x6  
  164  23:58  Zergling x10  
  164  23:59  Zergling x6  
  164  24:00  Zergling x14  
  164  24:01  Zergling x4  
  185  24:31  Ravager  
  185  24:35  Ravager  
  97  26:14  Zerg Ground Armor Level 2  
  93  26:40  Infestor x4  
  93  26:41  Infestor  
  93  26:43  Swarm Host x4  
  93  26:45  Ultralisk x2  
  93  26:46  Ultralisk  
  133  26:49  Mutalisk x5  
  133  26:50  Mutalisk  
  133  26:51  Corruptor x5  
  133  26:52  Corruptor  
  157  26:54  Roach  
  157  26:55  Roach x2  
  157  26:56  Roach x4  
  171  27:02  Drone x2  
  171  27:03  Drone x5  
  171  27:04  Drone  
  179  27:20  Queen x4  
  187  27:56  Queen x2  
  191  28:04  Spore Crawler x2  
  189  28:07  Spore Crawler  
  189  28:11  Spore Crawler x2  
  189  28:12  Spore Crawler  
  185  28:22  Spine Crawler  
  184  28:27  Spore Crawler  
  184  28:28  Hive  
  183  28:36  Zerg Ground Armor Level 3  
  183  28:43  Zerg Flyer Weapons Level 2  
  183  28:51  Drone x2  
  183  28:53  Drone  
  126  30:18  Ultralisk x3  
  126  30:19  Mutalisk  
  126  30:20  Mutalisk x6  
  126  30:21  Mutalisk x3  
  158  30:24  Zergling x8  
  158  30:25  Zergling x12  
  158  30:26  Hydralisk x4  
  158  30:27  Hydralisk  
  184  30:34  Hydralisk x6  
  184  30:35  Hydralisk x2  
  200  30:59  Zerg Flyer Armor Level 2  
  200  31:08  Spore Crawler  
  199  31:16  Spine Crawler  
  198  31:26  Spore Crawler  
  158  33:01  Zergling x2  
  158  33:02  Zergling x12  
  158  33:03  Zergling x8  
  158  33:04  Zergling x10  
  158  33:05  Zergling x12  
  177  33:06  Zergling x10  
  177  33:28  Mutalisk x3  
  177  33:29  Ultralisk x3  
  164  36:08  Zergling x12  
  164  36:09  Zergling x10  
  164  36:10  Zergling x10  
  164  36:11  Zergling x10  
  183  36:12  Zergling x10  
  183  36:13  Zergling x4  
Show
View Real Time Build Order
Export as new Build Order

tigro Terran 

Build Orders:  

Get SALT Encoding   

  12  0:07  SCV  
  13  0:18  Supply Depot  
  13  0:21  SCV  
  14  0:33  SCV  
  15  0:45  SCV  
  16  0:51  Barracks  
  16  1:00  Refinery  
  16  1:09  Refinery  
  16  1:33  SCV  
  17  1:45  Marine, SCV  
  19  1:48  Engineering Bay  
  19  1:57  SCV  
  20  2:03  Marine  
  21  2:09  SCV  
  22  2:21  SCV  
  23  2:36  Barracks  
  23  2:51  Supply Depot  
  23  3:12  Marine  
  24  3:30  Marine  
  24  3:31  Missile Turret  
  25  3:48  Marine  
  25  3:52  Command Center  
  26  4:01  Barracks Tech Lab  
  26  4:14  Barracks Reactor  
  26  4:41  Supply Depot  
  28  5:00  Ghost Academy  
  28  5:03  Marine  
  28  5:05  Marine  
  28  5:17  Combat Shield  
  28  5:21  Marine  
  29  5:22  Marauder  
  29  5:23  Marine  
  32  5:34  Planetary Fortress  
  32  5:38  Marine  
  32  5:41  Marine  
  34  5:43  Marauder  
  34  5:48  Refinery  
  36  5:56  Marine  
  37  5:59  Marine  
  38  6:05  Marauder  
  38  6:08  Factory  
  40  6:24  SCV  
  41  6:26  Marauder  
  41  6:28  Refinery  
  43  6:36  SCV  
  44  6:41  Terran Infantry Weapons Level 1  
  44  6:48  Marauder, SCV  
  47  6:58  Stimpack  
  47  7:01  SCV  
  48  7:13  SCV  
  49  7:20  Bunker  
  49  7:56  Missile Turret  
  49  8:15  Missile Turret  
  49  8:20  Factory Tech Lab  
  49  8:35  Terran Infantry Armor Level 1  
  49  8:38  Concussive Shells  
  49  8:56  Missile Turret  
  49  8:57  Infernal Pre-Igniter  
  49  9:19  SCV  
  50  9:28  Armory  
  50  9:36  SCV  
  51  9:43  Supply Depot  
  51  9:48  SCV  
  52  10:00  SCV  
  53  10:09  Siege Tank  
  53  10:13  SCV  
  57  10:16  Mag-Field Accelerator  
  57  10:20  Command Center  
  57  10:25  SCV  
  58  10:29  Hi-Sec Auto Tracking  
  58  10:38  Missile Turret  
  58  10:41  Siege Tank  
  61  10:44  Terran Vehicle Weapons Level 1  
  61  10:49  Personal Cloaking  
  61  11:26  Neosteel Armor  
  61  11:32  Siege Tank  
  64  11:54  Supply Depot  
  64  11:56  SCV  
  65  12:04  Siege Tank  
  68  12:08  SCV  
  68  12:15  Missile Turret  
  69  12:33  Supply Depot  
  69  12:36  Siege Tank  
  72  12:39  Terran Vehicle And Ship Armor Level 1  
  72  13:06  Terran Infantry Weapons Level 2  
  72  13:35  Missile Turret  
  72  13:47  Missile Turret  
  72  14:33  Terran Ship Weapons Level 1  
  72  14:38  Missile Turret  
  72  15:00  Missile Turret  
  72  15:22  Terran Infantry Armor Level 2  
  72  15:28  Refinery  
  72  15:43  Starport  
  72  16:27  Refinery  
  72  16:31  Starport Tech Lab  
  72  16:38  Starport  
  72  16:57  Thor, Missile Turret  
  78  17:03  Rapid Reignition System  
  78  17:33  Marauder  
  78  17:40  Thor  
  84  17:45  Marine x2  
  86  17:55  Marauder  
  86  17:57  Fusion Core  
  88  18:00  Corvid Reactor  
  88  18:02  Marine  
  88  18:03  Marine  
  90  18:11  Starport Tech Lab  
  90  18:16  Marauder  
  92  18:20  Marine  
  93  18:43  Supply Depot  
  93  18:54  Weapon Refit  
  93  19:04  Thor, Marine x2  
  101  19:18  Cloaking Field  
  101  19:22  Supply Depot  
  101  19:43  Medivac, Marine  
  101  19:44  Marauder  
  106  19:59  Supply Depot  
  106  20:05  Marauder  
  108  20:21  Battlecruiser  
  114  20:32  Thor  
  117  20:37  Hyperflight Rotors  
  110  21:09  Battlecruiser  
  116  21:36  Supply Depot x2  
  116  21:57  Medivac, Thor  
  124  22:13  Medivac  
  126  22:28  Battlecruiser  
  132  22:36  Command Center  
  129  22:45  Battlecruiser  
  129  22:47  Supply Depot  
  126  23:32  Medivac  
  128  23:37  Missile Turret  
  128  23:49  Medivac  
  130  24:50  Refinery  
  130  24:52  Planetary Fortress  
  130  24:56  Marine  
  130  24:57  Marine  
  124  25:11  Supply Depot  
  96  25:14  Marine x2  
  70  25:32  Marine x2  
  72  25:50  Marine x2  
  55  26:20  Marine x2  
  57  26:25  Marauder  
  57  26:38  Marine x2  
  61  26:47  Marauder  
  61  26:56  Marine x2  
  63  27:01  Battlecruiser  
  63  27:06  Viking  
  73  27:08  Marauder  
  73  27:14  Marine x2  
  75  27:20  Siege Tank  
  80  27:30  Marauder  
  80  27:36  Viking  
  82  27:51  Marauder  
  84  27:52  Thor  
  84  27:57  Refinery  
  90  28:06  Viking, Battlecruiser  
  98  28:20  Missile Turret  
  98  28:35  Siege Tank  
  98  28:36  Viking  
  103  29:00  Missile Turret  
  103  29:01  Missile Turret  
  103  29:06  Viking  
  103  29:07  Thor  
  111  29:10  Battlecruiser  
  63  29:50  Siege Tank  
  63  29:52  Marine x2  
  67  29:58  Marauder  
  68  30:10  Marine x2  
  70  30:14  Battlecruiser  
  70  30:19  Marauder  
  78  30:22  Siege Tank  
  78  30:28  Marine x2  
  258  30:35  Viking  
  83  30:41  Marauder  
  87  30:45  Marine  
  87  30:46  Marine  
  89  30:54  Thor  
  95  31:00  Refinery  
  95  31:02  Marauder  
  97  31:05  Viking  
  99  31:14  Refinery  
  99  31:18  Battlecruiser  
  99  31:24  Marauder  
  107  31:25  Refinery  
  107  31:35  Viking  
  107  31:37  Thor  
  93  32:05  Viking  
  59  32:19  Marine x2  
  59  32:20  Thor  
  63  32:35  Viking  
  63  32:37  Marauder  
  48  32:58  Marauder  
  49  33:03  Viking, Siege Tank  
  38  34:35  Planetary Fortress  
  21  34:48  Viking  
  10  35:16  Missile Turret  
  10  35:18  Viking  
  10  35:44  Supply Depot  
Tags
 
Matchup
TvZ
Opening
Pool First
Replay Pack
MrFercho
Add a new tag
Caveats
  • Supply blocks, unpowered buildings, or Contaminate may cause inaccurate times.
  • Supply counts are checked every 10 seconds.